[Event "Susha Chess Blitz Women 2022"]
[Site "Shusha"]
[Date "2022.09.24"]
[Round "17"]
[White "Mammadova, Gulnar"]
[Black "Efroimski, Marsel"]
[Result "0-1"]
[ECO "B30"]
[WhiteElo "2382"]
[BlackElo "2462"]
[Annotator "TA"]
[PlyCount "109"]
[EventDate "2022.09.24"]
[EventType "tourn"]
[EventCountry "AZE"]
[SourceTitle "playchess.com"]
[Source "ChessBase"]
[SourceQuality "1"]
[TimeControl "180+2"]

1. e4 c5 2. Nf3 Nc6 3. Bb5 e6 4. O-O Nge7 5. Re1 b6 (5... a6 $11 6. Bxc6 Nxc6) 6. c3 $14 {[%emt 0:00:12] B30: Sicilian: 2...Nc6 3 Bb5, lines without ...g6.} a6 7. Bf1 (7. Ba4 $14) 7... Bb7 8. d3 {[%emt 0:00:15] White is slightly better.} d5 {[%emt 0:00:03] [#]} 9. e5 $146 ({Predecessor:} 9. Bg5 h6 10. Bh4 g5 11. Bg3 Bg7 12. Nbd2 O-O 13. h4 g4 14. exd5 exd5 15. Ne5 {½-½ (105) Sousa,A (2389)-Anton Guijarro,D (2703) Chess.com INT 2020}) 9... Nf5 10. g3 h5 11. h4 Qc7 12. Bg2 O-O-O 13. a3 d4 14. c4 Kb8 15. Nbd2 Be7 16. Ne4 {[%emt 0:00:08] Prevents g5.} f6 {[%emt 0:00:19] [#]} (16... Nxe5 $2 17. Nxe5 Ne3 18. Bxe3 dxe3 19. f4 $18 (19. fxe3 $2 Qxe5 20. Kf2 g5 $19) (19. Nxf7 exf2+ 20. Nxf2 Qxg3 $16)) (16... Rhf8 $14) 17. Bd2 $1 $16 fxe5 ({Weaker is} 17... Nxe5 18. Nxe5 fxe5 19. b4 $14) (17... Rde8 $16) 18. Rb1 $18 a5 19. Nfg5 Bxg5 (19... Rh6 20. Nf7 Rh7 21. Nxd8 Qxd8) 20. Nxg5 ({Not} 20. Bxg5 Rc8 $11) 20... Qd7 (20... Rde8 $142 21. b4 cxb4 22. axb4 axb4) 21. Be4 g6 $2 (21... Nd6 {was worth a try.} 22. b4 cxb4 23. axb4 axb4 24. Bxb4 Nxb4) 22. Nf3 $2 (22. b4 $18 {and White stays clearly on top.}) 22... Rhf8 {[%emt 0:00:04] [#]} (22... Nd6 $16) 23. b4 $1 {[%emt 0:00:05] Threatens to win with bxc5.} axb4 (23... Nd6 {might work better.}) 24. axb4 Nd6 25. bxc5 (25. b5 $142 Ne7 26. Nxe5) 25... Nxe4 26. Rxe4 Qf7 27. Bg5 $4 (27. Kg2 $18) 27... Qxf3 $19 {[%emt 0:00:07] Black continues to play with concentration.} 28. Qxf3 Rxf3 29. Bxd8 Nxd8 30. Rxb6 $2 (30. Rxe5 {only move.} Rxd3 31. Kf1) 30... Rxd3 {Black is clearly winning.} 31. f4 (31. Kf1 $142 Kc7 32. Rxe5) 31... Kc7 32. Rxe5 Rxg3+ 33. Kh2 Rc3 34. Rg5 Be4 35. Re5 Bf5 {[%emt 0:00:02] ...d3 is the strong threat.} 36. Re1 Rxc4 {[%emt 0:00:01] Hoping for ...Nb7.} 37. Rd6 d3 (37... Nb7 $142 38. Ra6 Nxc5 39. Ra7+ Kd6) 38. Ra1 Rxc5 39. Rd4 Nb7 40. Kg3 Rc3 41. Kf2 Rc2+ 42. Ke3 Rc6 43. Ra7 Rb6 44. Rc4+ Kd7 45. Rd4+ Ke7 46. Rc4 Kd6 47. Rd4+ Kc5 48. Ra1 Kc6 49. Rc1+ Nc5 {[%emt 0:00:01] White must now prevent ...Rb2.} 50. Rd8 Rb5 51. Rc8+ Kd6 52. Rd8+ Ke7 53. Rc8 Nd7 {[%emt 0:00:06] Strongly threatening ...Rb2.} 54. R1c7 Rd5 55. Rc1 {[%emt 0:00:03] Weighted Error Value: White=1.11/Black=0.75} 0-1

[Event "Susha Chess Blitz Women 2022"]
[Site "Shusha"]
[Date "2022.09.24"]
[Round "18"]
[White "Arabidze, Meri"]
[Black "Mammadzada, Gunay"]
[Result "1-0"]
[ECO "A50"]
[WhiteElo "2422"]
[BlackElo "2473"]
[Annotator "TA"]
[PlyCount "95"]
[EventDate "2022.09.24"]
[EventType "tourn"]
[EventCountry "AZE"]
[SourceTitle "playchess.com"]
[Source "ChessBase"]
[SourceQuality "1"]
[TimeControl "180+2"]

1. d4 Nf6 2. c4 c6 3. Nf3 d5 4. g3 g6 5. Bg2 Bg7 6. O-O dxc4 {[%emt 0:00:16] D73: Fianchetto Grünfeld: 5 Nf3 .} 7. a4 Ne4 8. a5 Bf5 {[%emt 0:00:30] Black is slightly better.} 9. Nc3 O-O 10. Qa4 Nd6 {[%emt 0:00:07] [#]} ({Don't take} 10... Bxd4 11. Nxd4 Qxd4 12. Bxe4 Bxe4 13. Rd1 $16) 11. Ne5 $146 ({Predecessor:} 11. Rd1 Nd7 12. Bf4 b5 13. axb6 axb6 14. Qxc6 Rxa1 15. Rxa1 Qc8 16. Qxc8 Rxc8 17. Ra7 {0-1 (49) Baroyan,D (2049)-Lagunes,R (1857) Espalion 2018}) 11... Be6 12. Rd1 Nd7 (12... Qe8 {feels stronger.}) 13. Bf4 (13. a6 $5 b5 14. Qb4 Nxe5 15. dxe5 Bxe5 16. Bxc6 $11) 13... a6 14. e4 (14. Qb4 $14) 14... Qc8 (14... c5 $1 $15 15. Nd5 cxd4 16. Nxc4 Bxd5 17. exd5 b5 18. axb6 Nxb6 19. Nxb6 Qxb6) 15. Nxd7 $1 $14 {[%emt 0:00:09] White has more active pieces. The black rooks are badly placed.} Qxd7 16. d5 $1 cxd5 (16... Bh3 $16) 17. Qxd7 $1 $18 {[%emt 0:00:03][%mdl 64] Deflection} Bxd7 18. Nxd5 Rfe8 19. Nxe7+ $2 Rxe7 $11 20. Bxd6 Ree8 (20... Re6 $1 $11) 21. e5 $1 $14 Bc6 $1 22. Bxc6 bxc6 23. f4 (23. Re1 $14) 23... f6 $11 24. Re1 fxe5 25. fxe5 Re6 26. Re4 Rae8 {[%emt 0:00:01] Strongly threatening ...Rxd6.} 27. Rxc4 (27. Rae1 {looks sharper.} g5 28. R1e2 h5 29. Kf2) 27... Bxe5 28. Bxe5 Rxe5 29. Rxc6 $14 {[%emt 0:00:01][%mdl 4096] Endgame KRR-KRR} Rb8 30. Rb6 Rxb6 31. axb6 {[%emt 0:00:01] KR-KR} Rb5 32. Rxa6 Rxb2 33. Ra8+ Kg7 {[%emt 0:00:01] [#]} 34. Rb8 $1 h5 $2 (34... Rb1+ $16 35. Kf2 Rb2+ 36. Kg1 Rb1+ 37. Kf2 Rb2+ 38. Ke3 Rxh2) 35. h4 $2 ({White should try} 35. h3 $18) 35... Kf7 36. Kf1 Kf6 37. Ke1 Kf5 38. b7 {[%emt 0:00:08] Threatening mate with Rf8+.} Kg4 39. Rg8 Rxb7 {[%emt 0:00:01] Hoping for ...Rb6.} 40. Rxg6+ Kh3 41. Ke2 Rb3 42. Kf2 Ra3 43. Rg5 Ra2+ 44. Kf3 Ra3+ 45. Kf4 Ra4+ 46. Kf5 {[%emt 0:00:03] Kg6 is the strong threat.} Ra3 $2 {[%emt 0:00:01][%mdl 8192] [#]} (46... Ra6 $11) 47. Kg6 $1 Rb3 48. Kxh5 {[%emt 0:00:02] Weighted Error Value: White=0.22 (precise) /Black=0.41} 1-0

[Event "Susha Chess Blitz Women 2022"]
[Site "Shusha"]
[Date "2022.09.24"]
[Round "18"]
[White "Fataliyeva, Ulviyya"]
[Black "Ozturk Orenli, Kubra"]
[Result "1-0"]
[ECO "A06"]
[WhiteElo "2408"]
[BlackElo "2319"]
[Annotator "TA"]
[PlyCount "82"]
[EventDate "2022.09.24"]
[EventType "tourn"]
[EventCountry "AZE"]
[SourceTitle "playchess.com"]
[Source "ChessBase"]
[SourceQuality "1"]
[TimeControl "180+2"]

1. Nf3 d5 2. g3 Nf6 3. Bg2 g6 4. O-O Bg7 5. d3 O-O 6. Nbd2 c5 7. e4 Nc6 8. Re1 dxe4 9. dxe4 Nd7 {[%emt 0:00:44] A08: King's Indian Attack.} 10. c3 Nde5 11. Nxe5 Nxe5 {[%emt 0:00:02] [#] The position is equal.} 12. Qe2 $146 {[%emt 0:00:04] Against c4} ({Predecessor:} 12. Bf1 b6 13. Qe2 a5 14. f4 Ba6 15. c4 Nc6 16. Nf3 Qc7 17. Be3 Rad8 18. Rab1 {½-½ (37) Dyagelev,A-Grigorev,M Dimitrovgrad 2009}) 12... Qd3 13. Bf1 Qxe2 14. Bxe2 Rd8 15. Nc4 Be6 16. Nxe5 Bxe5 17. Be3 b6 18. f4 Bg7 19. a4 Bb3 20. a5 e5 21. f5 Bc2 (21... Bf6 $14) 22. Bf3 (22. fxg6 $1 $16 hxg6 23. Bc4) 22... Rab8 23. axb6 axb6 24. Ra7 (24. g4 $14) 24... gxf5 $11 25. Bh5 Bxe4 {[%emt 0:00:05] With the idea ...Rb7.} 26. Bxf7+ Kh8 27. Bg5 Rf8 28. Rd1 Ra8 29. Rdd7 Rxa7 30. Rxa7 Ra8 31. Rd7 {[%emt 0:00:03][%mdl 1024] White has compensation.} h6 32. Be7 f4 33. Bd6 f3 34. Kf2 Kh7 (34... Bf6 $11 {keeps the balance.}) 35. Be6 (35. Bc4 $142 $1 {Hoping for Bxe5.} Kg6 36. Ke3) 35... Re8 $2 (35... Kg6 $16) 36. Bg4 $2 (36. Bxe5 $1 $18 h5 37. Rxg7+ Kh6 38. g4 $1 hxg4 39. Rxg4 Rxe6 40. Rxe4) 36... Bc6 37. Rc7 Bd5 {[%emt 0:00:01] [#] This move loses the game for Black.} (37... Ba8 $16 {was necessary.}) 38. Bxf3 (38. Bh5 $1 $18 {[%cal Rh5e8] is the precise move to win.} Rg8 39. Bxe5 (39. Bxf3 e4 $16)) 38... e4 (38... Bxf3 $16 {was called for.} 39. Kxf3 Re6) 39. Bh5 $18 e3+ {[%emt 0:00:01] [#]} 40. Ke1 $1 Re6 (40... Rg8 41. Ke2 Kh8) 41. Bf8 Bb3 {Weighted Error Value: White=0.34/Black=0.47} 1-0

[Event "Susha Chess Blitz Women 2022"]
[Site "Shusha"]
[Date "2022.09.24"]
[Round "18"]
[White "Balajayeva, Khanim"]
[Black "Dzagnidze, Nana"]
[Result "0-1"]
[ECO "B90"]
[WhiteElo "2379"]
[BlackElo "2526"]
[Annotator "TA"]
[PlyCount "84"]
[EventDate "2022.09.24"]
[EventType "tourn"]
[EventCountry "AZE"]
[SourceTitle "playchess.com"]
[Source "ChessBase"]
[SourceQuality "1"]
[TimeControl "180+2"]

1. e4 c5 2. Nf3 d6 3. d4 cxd4 4. Nxd4 Nf6 5. Nc3 a6 6. h3 e5 7. Nde2 h5 {[%emt 0:00:02] B90: Sicilian Najdorf: Unusual White 6th moves, 6 Be3 Ng4 and 6 Be3 e5.} 8. Bg5 Be6 9. Bxf6 Qxf6 {[%emt 0:00:01] The position is equal.} 10. Nd5 Qd8 11. Nec3 g6 12. Bc4 Bh6 13. O-O O-O 14. Bb3 Nd7 15. Qe2 {[%emt 0:00:05] [#]} Nc5 $146 ({Predecessor:} 15... Rc8 16. Rad1 Kg7 17. Ne3 Nc5 18. Bxe6 Nxe6 19. Ned5 Qa5 20. Qf3 Bg5 21. g3 Bd8 {1-0 (44) Efendiyev,E (2565)-Tomizawa,T (2484) ICCF email 2016}) 16. Rad1 Kg7 17. f4 Nxb3 18. axb3 exf4 19. e5 (19. Qf2 $11) 19... Re8 (19... Bxd5 $15 20. Rxd5 Qb6+ 21. Kh1 Rae8) 20. Nf6 $11 {[%emt 0:00:34] Pair of Knights!} Qb6+ 21. Kh1 Red8 {[%emt 0:00:06] ...Qe3 is the strong threat. Dancing on a razor blade.} 22. exd6 $2 {[%emt 0:00:09][%mdl 8192] [#] This costs White the game.} Kxf6 $19 23. Ne4+ Kg7 24. c4 Qe3 25. Qc2 Bf5 26. Qc3+ (26. Rfe1 $142 Bxe4 27. Qxe4 Qxb3 28. Qe5+ Kg8 29. Qd5) 26... Qxc3 27. Nxc3 Rac8 28. Rd5 Be6 29. Rd3 Rc6 30. Rfd1 f3 31. gxf3 Bf4 32. d7 Bxh3 33. Na4 Bf5 34. Rd5 Be6 35. R5d3 b5 36. cxb5 axb5 37. Nc3 Rc7 38. Nxb5 Rcxd7 39. Nd4 Kg8 40. Nxe6 Rxd3 41. Rxd3 Rxd3 42. Nxf4 Rxb3 {[%emt 0:00:01] Weighted Error Value: White=0.56/Black=0.12 (very precise)} 0-1

[Event "Susha Chess Blitz Women 2022"]
[Site "Shusha"]
[Date "2022.09.24"]
[Round "18"]
[White "Beydullayeva, Govhar"]
[Black "Zawadzka, Jolanta"]
[Result "1-0"]
[ECO "D52"]
[WhiteElo "2346"]
[BlackElo "2401"]
[Annotator "TA"]
[PlyCount "73"]
[EventDate "2022.09.24"]
[EventType "tourn"]
[EventCountry "AZE"]
[SourceTitle "playchess.com"]
[Source "ChessBase"]
[SourceQuality "1"]
[TimeControl "180+2"]

1. d4 d5 2. c4 e6 3. Nf3 Nf6 4. Nc3 c6 5. Bg5 Nbd7 6. e3 h6 7. Bh4 Be7 8. Bd3 b6 {[%emt 0:00:05] 8...dxc4 is becoming the main line.} 9. O-O O-O 10. e4 {[%emt 0:00:16] D60: Queen's Gambit Declined: Classical: Unusual White 7th moves.} (10. Qe2 $1 $11) 10... dxe4 (10... Nxe4 $1 $15 11. Bxe7 Nxc3 12. Bxd8 Nxd1 13. Rfxd1 Rxd8) 11. Nxe4 $11 Bb7 12. Qe2 {[%emt 0:00:07] [#] The position is equal.} Nxe4 $146 (12... c5 $11) ({Predecessor:} 12... c5 13. Rad1 Nxe4 14. Bxe7 Qxe7 15. Bxe4 Bxe4 16. Qxe4 cxd4 17. Rxd4 Nc5 18. Qe2 Rfd8 {½-½ (44) Cardenas,F (1916)-Escobar Figueroa,S (1842) Barcelona 2012}) 13. Qxe4 $14 ({Don't play} 13. Bxe7 Qxe7 14. Bxe4 (14. Qxe4 Nf6 $11) 14... Nf6 $11) 13... g6 14. Bxe7 {[%emt 0:00:13] White is more active.} Qxe7 15. Rad1 Rad8 16. Rfe1 Rfe8 17. h4 Nf6 18. Qf4 Kg7 19. Bb1 Qd6 (19... c5 $11) 20. Ne5 $16 {[%emt 0:00:05] Re3 is the strong threat.} c5 {[%emt 0:00:05] [#]} 21. h5 (21. Bxg6 $1 $16 fxg6 22. Qg3) 21... g5 $11 22. Qd2 (22. Qh2 $11 {and White has nothing to worry.}) 22... Qxd4 $19 ({Worse is} 22... cxd4 23. Qd3 Qc7 24. f3 $15) 23. Qc2 Qh4 24. Nxf7 $2 {[%emt 0:00:09] [#]} (24. Qc3 $17 {might work better.}) 24... Be4 $2 (24... Kxf7 {is a self mate.} 25. Qg6+ Kf8 26. Qxf6+ Kg8 27. Qg6+ Kf8 28. Qxh6+ Kf7 29. Bg6+ Kf6 30. Bh7+ Kf7 31. Qg6+ Kf8 32. Qf6#) (24... Rxd1 $1 $19 {[%cal Rd1e1] has better winning chances.} 25. Qg6+ Kf8 26. Qxh6+ Ke7 27. Rxd1 Bxg2 28. Kxg2 Qg4+ 29. Kh2 Qxd1) 25. Rxe4 $17 Rxd1+ ({Better is} 25... Qxe4 $17 26. Nxd8 {[#]} Rxd8 $1) 26. Qxd1 $11 Nxe4 27. Bxe4 {[%emt 0:00:13] The board is on fire.} Qxe4 $17 {[%emt 0:00:11][%mdl 4096] Endgame KQR-KQN} 28. Qd7 $36 {[%emt 0:00:07][%csl LRa7,LRe8,LRg5][%mdl 2048] Nd6+ would kill now. White has the initiative.} Kf8 $2 (28... Kf6 $11 29. Qxe8 Qe1+ 30. Kh2 Qxf2) 29. Nd6 $18 Qe1+ 30. Kh2 Qxf2 31. Qxe8+ {[%emt 0:00:03] White mates.} Kg7 32. Qe7+ Kg8 33. Qxe6+ Kh8 34. Qxh6+ Kg8 35. Qxg5+ Kh8 36. Qh6+ Kg8 37. Qg6+ {[%emt 0:00:01] Weighted Error Value: White=0.39/Black=0.62} 1-0